 Dungeon Crawl Stone Soup version 0.25-a0-565-g8875c97ebb (webtiles) character file.

Game seed: 12253832158110520789, levelgen mode: deterministic

1764 Flugslaktarn the Chopper (level 8, 0/78 HPs)
             Began as a Deep Dwarf Fighter on Feb 26, 2020.
             Slain by a wight
             ... wielding a +3 short sword
              (6 damage)
             ... on level 6 of the Dungeon.
             The game lasted 00:01:36 (2022 turns).

Flugslaktarn the Chopper (Deep Dwarf Fighter)       Turns: 2022, Time: 00:01:37

Health: 0/78       AC:  8    Str: 22    XL:     8   Next: 79%
Magic:  1/1        EV:  7    Int:  9    God:
Gold:   215        SH:  9    Dex: 12    Spells: 7/7 levels left

rFire    . . .     SeeInvis .   a - +0 war axe
rCold    . . .     Gourm    .   c - +0 kite shield
rNeg     . . .     Faith    .   b - +0 scale mail
rPois    .         Spirit   .   (no helmet)
rElec    .         Reflect  .   (no cloak)
rCorr    .         Harm     .   (no gloves)
MR       +....                  h - +0 pair of boots (curse)
Stlth    ..........             (no amulet)
HPRegen  0.00/turn              (no ring)
MPRegen  0.07/turn              (no ring)

@: non-regenerating, heavily drained
A: damage resistance, heal wounds, sense surroundings 1, no regeneration
a: Heal Wounds


You were on level 6 of the Dungeon.
You were not hungry.

You visited 1 branch of the dungeon, and saw 6 of its levels.

You collected 215 gold pieces.

Inventory:

Hand Weapons
 a - a +0 war axe (weapon)
Armour
 b - a +0 scale mail (worn)
 c - a +0 kite shield (worn)
 h - a cursed +0 pair of boots (worn)
   (You found it on level 2 of the Dungeon)
Jewellery
 j - an uncursed ring of fire {unknown}
   (You found it on level 3 of the Dungeon)
 o - a cursed ring of teleportation {unknown}
   (You found it on level 3 of the Dungeon)
 p - a cursed ring of attention {unknown}
   (You found it on level 4 of the Dungeon)
Scrolls
 f - 3 scrolls of identify {unknown}
 i - a scroll of immolation {unknown}
 k - a scroll of fog {unknown}
 m - 3 scrolls of random uselessness {unknown}
 q - a scroll of teleportation {unknown}
 r - a scroll of remove curse {unknown}
 t - 2 scrolls of amnesia {unknown}
 u - 3 scrolls of enchant weapon {unknown}
Potions
 d - 2 potions of might
 g - a potion of mutation {unknown}
 l - 2 potions of degeneration {unknown}
 n - 2 potions of curing {unknown}
Comestibles
 e - 6 rations
 s - 5 chunks of flesh


   Skills:
 * Level 6.6(4.2) Fighting
 * Level 7.5(5.0) Axes
 + Level 5.9(3.5) Armour
 + Level 6.0(3.6) Shields


You had 7 spell levels left.
You didn't know any spells.
Your spell library was empty.

Dungeon Overview and Level Annotations

Branches:
Dungeon (6/15)
 Temple: D:4-7

Altars:
Fedhas
Kikubaaqudgha
Qazlal
Uskayaw
The Shining One


Innate Abilities, Weirdness & Mutations

You are resistant to damage.
You can heal yourself by infusing magical energy.
You passively map a small area around you.
You do not regenerate.


Message History

The wight hits you with a cursed +3 battleaxe.
You feel drained.
The wight hits you with a +3 short sword.
You barely miss the wight.
The wight is severely damaged.
You hit the wight but do no damage. You hit the wight.
You block the wight's attack. The wight completely misses you.
The wight hits you with a +3 short sword.
The wight hits you with a cursed +3 halberd!
* * * LOW HITPOINT WARNING * * *
You slash the wight!
You destroy the wight!
You hit the wight but do no damage. x2
The wight hits you with a +3 short sword.
The wight hits you with a cursed +3 halberd!
* * * LOW HITPOINT WARNING * * *
You feel drained.
* * * LOW HITPOINT WARNING * * *
The wight hits you with a +3 short sword!
You die...

* *############# ** ,
............ ##.<.......
** , ..........,* #.. ,
......... #..
.......z#*############..
, ......)@#
#.............
*......z.###.............
,
........'.'.............
* *
........###.............
.[......# #.............
..).....# #.............
........# ###'########..
........# #..# #.. #####
##############'## #..


You could see 2 wights.

Vanquished Creatures
  Pikel (D:6)
  Sigmund (D:3)
  A sky beast (D:6)
  2 ice beasts
  An ogre (D:5)
  A centaur (D:5)
  A bullfrog (D:6)
  A water moccasin skeleton (D:2)
  A wight (D:6)
  A bullfrog zombie (D:5)
  A crimson imp (D:5)
  A centaur zombie (D:5)
  A jelly (D:5)
  A hound (D:5)
  2 orc wizards (D:3)
  An orc priest (D:3)
  A centaur skeleton (D:4)
  A gnoll shaman (D:6)
  2 iguanas (D:6)
  4 worker ants
  A hound skeleton (D:6)
  3 gnolls (D:6)
  A howler monkey skeleton (D:6)
  7 adders
  4 worms
  3 dart slugs
  6 orcs
  5 giant cockroaches
  4 goblins
  3 jackals (D:3)
  A kobold (D:1)
  5 quokkas
  2 frilled lizards
  6 rats
77 creatures vanquished.

Vanquished Creatures (others)
  2 sky beasts (D:6)
  An adder (D:6)
  An orc (D:6)
4 creatures vanquished.

Grand Total: 81 creatures vanquished

Notes
Turn   | Place    | Note
-------+----------+-------------------------------------------
     0 | D:1      | Flugslaktarn the Deep Dwarf Fighter began the quest for the
                  | Orb.
     0 | D:1      | Reached XP level 1. HP: 20/20 MP: 1/1
    68 | D:1      | Reached XP level 2. HP: 24/27 MP: 2/2
   149 | D:2      | Found a blossoming altar of Fedhas.
   177 | D:2      | Reached skill level 3 in Axes
   177 | D:2      | Reached XP level 3. HP: 25/34 MP: 3/3
   177 | D:2      | Reached XP level 4. HP: 31/42 MP: 4/4
   333 | D:3      | Noticed Sigmund
   353 | D:3      | Reached XP level 5. HP: 39/50 MP: 1/1
   364 | D:3      | Reached skill level 4 in Axes
   377 | D:3      | Killed Sigmund
   377 | D:3      | Reached XP level 6. HP: 8/57 MP: 2/2
   997 | D:4      | Found a glowing golden altar of the Shining One.
   997 | D:4      | Found an ancient bone altar of Kikubaaqudgha.
  1088 | D:5      | Entered Level 5 of the Dungeon
  1098 | D:5      | Reached skill level 5 in Axes
  1174 | D:5      | Noticed a +0 hand axe
  1174 | D:5      | Noticed a +0 dagger
  1204 | D:5      | Reached XP level 7. HP: 30/66 MP: 2/2
  1245 | D:5      | Reached skill level 5 in Fighting
  1312 | D:5      | Reached skill level 5 in Armour
  1312 | D:5      | Reached skill level 5 in Shields
  1429 | D:5      | Found a hide-covered altar of Uskayaw.
  1493 | D:5      | Found a stormy altar of Qazlal.
  1587 | D:5      | Reached skill level 6 in Axes
  1634 | D:6      | Noticed Pikel
  1679 | D:6      | Killed Pikel
  1679 | D:6      | Reached XP level 8. HP: 44/76 MP: 2/2
  1874 | D:6      | Reached skill level 7 in Axes
  2022 | D:6      | Slain by a wight

Levels and vault maps discovered:
D:1:      dpeg_arrival_orchard, layout_loops_ring, minmay_tree_intersection
D:2:      layout_rooms, overflow_temple_1_default, minmay_split_cup_small
D:3:      layout_loops_ring, first_ration, uniq_sigmund
D:4:      layout_cave_pools, gammafunk_temple_overflow_elements
D:5:      layout_rooms, dancing_weapons_uskayaw, grunt_qazlal_clouds
D:6:      layout_basic, basic_altar, uniq_pikel

Skill      XL: |  1  2  3  4  5  6  7  8 |
---------------+-------------------------+-----
Fighting       | 3 4 6 |  6.6
Axes           | 3 4 5 6 7 |  7.5
Armour         | 4 5 |  5.9
Shields        | 4 5 6 |  6.0

Action                   |  1- 3 |  4- 6 |  7- 9 || total
-------------------------+-------+-------+-------++-------
Melee: War axe           |    36 |   183 |   199 ||   418
 Abil: Heal Wounds       |       |     9 |     9 ||    18
  Eat: Chunk             |       |     1 |     4 ||     5
Armor: Scale mail        |    23 |   100 |   102 ||   225
Dodge: Dodged            |    10 |    61 |    77 ||   148
Block: Kite shield       |    14 |   107 |   131 ||   252

Table legend:
 A = Non-vault XP
 B = Vault XP
 C = Vault XP percentage of total XP
 D = Non-vault monster count
 E = Vault monster count
 F = Vault count percentage of total count
                 A         B        C        D         E       F
            +---------+---------+-------+---------+---------+-------
      Total |    1712 |     809 |  32.1 |      75 |       2 |   2.6
            +---------+---------+-------+---------+---------+-------
        D:1 |      12 |       0 |   0.0 |       6 |       0 |   0.0
        D:2 |      92 |       0 |   0.0 |       9 |       0 |   0.0
        D:3 |     185 |     136 |  42.4 |      19 |       1 |   5.0
        D:4 |     170 |       0 |   0.0 |      12 |       0 |   0.0
        D:5 |     661 |       0 |   0.0 |      15 |       0 |   0.0
        D:6 |     592 |     673 |  53.2 |      14 |       1 |   6.7
            +---------+---------+-------+---------+---------+-------
